 Dungeon Crawl Stone Soup version 0.26.1-11-gd32895ea62 (webtiles) character file.

Game seed: 11385573110600044289

229 markar the Conjurer (level 5, -7/28 HPs)
             Began as a Deep Elf Conjurer on July 1, 2021.
             Was an Initiate of Vehumet.
             Shot with an arrow by a centaur (14 damage)
             ... on level 3 of the Dungeon.
             The game lasted 00:08:51 (2827 turns).

markar the Conjurer (Deep Elf Conjurer)             Turns: 2827, Time: 00:08:52

Health: -7/28      AC:  2    Str:  5    XL:     5   Next: 71%
Magic:  14/14      EV: 13    Int: 23    God:    Vehumet [......]
Gold:   126        SH:  0    Dex: 13    Spells: 11/14 levels left

rFire    . . .     SeeInvis .   d - +0 short sword
rCold    . . .     Faith    .   (no shield)
rNeg     . . .     Spirit   .   a - +0 robe
rPois    .         Reflect  .   (no helmet)
rElec    .         Harm     .   (no cloak)
rCorr    .         Rampage  .   (no gloves)
Will     .....                  (no boots)
Stlth    ++........             (no amulet)
HPRegen  0.09/turn              (no ring)
MPRegen  0.14/turn              (no ring)

@: no status effects
A: no striking features
a: Renounce Religion


You were on level 3 of the Dungeon.
You worshipped Vehumet.
Vehumet was noncommittal.
You visited 1 branch of the dungeon, and saw 3 of its levels.

You collected 126 gold pieces.

Inventory:

Hand Weapons
 d - a +0 short sword (weapon)
Missiles
 e - 32 stones
Armour
 a - a +0 robe (worn)
Wands
 i - a wand of random effects (30)
Scrolls
 b - 2 scrolls of identify {unknown}
 f - 4 scrolls of immolation {unknown}
 k - a scroll of remove curse {unknown}
Potions
 c - a potion of resistance {unknown}
 g - a potion of magic {unknown}
 h - a potion of lignification {unknown}
 j - 2 potions of curing {unknown}
 l - a potion of might {unknown}
 m - 2 potions of ambrosia {unknown}


   Skills:
 + Level 3.0 Dodging
 - Level 2.4 Stealth
 + Level 5.1 Spellcasting
 + Level 6.6 Conjurations


You had 11 spell levels left.
You knew the following spells:

 Your Spells              Type           Power        Failure   Level
a - Magic Dart            Conj           100%         1%          1
b - Searing Ray           Conj           72%          1%          2

Your spell library contained the following spells:

 Spells                   Type           Power        Failure   Level
 Dazzling Flash           Conj/Hex       42%          7%          3
 Fulminant Prism          Conj/Hex       10%          24%         4
 Iskenderun's Mystic Bla  Conj/Tloc      21%          24%         4


Dungeon Overview and Level Annotations

Branches:
Dungeon (3/15)

Altars:
Dithmenos
Okawaru
Vehumet
Xom


Message History

The magic dart hits the adder!
You kill the adder!
Vehumet accepts your kill.
Found a stone staircase leading down.
A centaur comes into view.
A centaur is nearby!
The centaur shouts!
The centaur wields a +0 shortbow of freezing.
It is covered in frost.
The centaur shoots an arrow.
The arrow hits you. The arrow freezes you.
Things that are here:
an arrow; a purple potion
Casting: Magic Dart (safe; 1% risk of failure)
Confirm with . or Enter, or press ? or * to list all spells.
Okay, then.
The centaur shoots an arrow.
The arrow hits you! The arrow freezes you.
* * * LOW HITPOINT WARNING * * *
The centaur shoots an arrow.
The arrow hits you!
Ouch! That really hurt!
You die...

#.#.## ..# #.#.#
c.# #.#.# ..# #.#.#
#.# #.#.# #.#
##...# #.#
.####†...#
#.######.......b.##
#(@..........#...#.
#.##########.##.##.
#.# ### #.##.##.
#####.####..
.#......
#........#.#
#.##.##.
#.###.##.#.# #
#.##. #.##.#.#
#.##. #.##.#.#
#.##.
#.##.#.#####.##.##.


You could see a centaur.

Vanquished Creatures
  A hound (D:3)
  Jessica (D:2)
  Terence (D:2)
  A gnoll (D:3)
  6 adders
  An ooze (D:2)
  2 worms
  3 dart slugs
  A leopard gecko (D:1)
  8 bats
  6 giant cockroaches
  3 goblins
  8 hobgoblins
  12 jackals
  4 frilled lizards
  5 kobolds
  9 rats
  A butterfly (D:3)
73 creatures vanquished.

Notes
Turn   | Place    | Note
-------+----------+-------------------------------------------
     0 | D:1      | markar the Deep Elf Conjurer began the quest for the Orb.
     0 | D:1      | Reached XP level 1. HP: 10/10 MP: 6/6
   202 | D:1      | Reached XP level 2. HP: 15/15 MP: 1/8
   337 | D:1      | Reached skill level 5 in Conjurations
   560 | D:1      | Reached XP level 3. HP: 19/19 MP: 5/9
  1066 | D:2      | Found a shadowy altar of Dithmenos.
  1072 | D:1      | Learned a level 2 spell: Searing Ray
  1269 | D:2      | Found a radiant altar of Vehumet.
  1285 | D:2      | Became a worshipper of Vehumet
  1370 | D:2      | Reached XP level 4. HP: 24/24 MP: 7/11
  1410 | D:2      | Noticed Jessica
  1420 | D:2      | Killed Jessica
  1593 | D:2      | Noticed Terence
  1600 | D:2      | Killed Terence
  1601 | D:2      | Reached skill level 6 in Conjurations
  1849 | D:2      | Reached XP level 5. HP: 23/28 MP: 9/13
  2018 | D:2      | Found an iron altar of Okawaru.
  2286 | D:3      | Found a shimmering altar of Xom.
  2726 | D:3      | Reached skill level 5 in Spellcasting
  2825 | D:3      | Noticed a centaur
  2827 | D:3      | Shot with an arrow by a centaur

Illustrated notes

Levels and vault maps discovered:
D:1:      scummos_arrival_forest, layout_basic
D:2:      layout_basic, vehumet_crystals, okawaru_metal_pillars_1_2,
          grunt_dithmenos_smoke_and_mirrors, uniq_jessica, uniq_terence
D:3:      layout_loops_ring, xom_butterflies, minmay_misc_feat_alley

Skill      XL: |  1  2  3  4  5 |
---------------+----------------+-----
Conjurations   | 5 6 |  6.6
Spellcasting   | 4 5 |  5.1
Dodging        | 3 |  3.0
Stealth        | |  2.4

Action                   |  1- 3 |  4- 6 || total
-------------------------+-------+-------++-------
Melee: Unarmed           |     5 |       ||     5
       Short sword       |       |     1 ||     1
 Cast: Magic Dart        |    68 |    63 ||   131
       Searing Ray       |     1 |     4 ||     5
 Stab: Sleeping          |       |     1 ||     1
Armor: Robe              |     1 |     1 ||     2
Dodge: Dodged            |    13 |     5 ||    18
